[Event "ICC tourney 2556 (25 5)"]
[Site "Internet Chess Club"]
[Date "2021.05.08"]
[Round "2"]
[White "F GEFFRARD, AMY:K05-17190671"]
[Black "SAIMADHAV CHALLA, KARUNYA:K05-17096756"]
[Result "0-1"]
[ICCResult "White checkmated"]
[WhiteElo "262"]
[BlackElo "781"]
[Opening "Center game"]
[ECO "C22"]
[NIC "KP.04"]
[Time "13:35:02"]
[PlyCount "94"]
[TimeControl "1500+5"]

1. e4 e5 2. d4 exd4 3. Qxd4 Nc6 4. Qd1 Nf6 5. Bg5 h6 6. Bxf6 Qxf6 7. Nc3
Bc5 8. Nd5 Qd6 9. Nxc7+ Qxc7 10. Nf3 O-O 11. Bb5 Re8 12. Kf1 Rxe4 13. Bxc6
Qxc6 14. Qd3 Re8 15. Re1 Rxe1+ 16. Kxe1 d6 17. Kd1 Be6 18. Re1 Rd8 19. Nh4
Bxf2 20. Re2 Bxh4 21. g3 Bc4 22. Qe4 Bxe2+ 23. Qxe2 Bf6 24. g4 Re8 25. Qf1
Qd5+ 26. Qd3 Qxd3+ 27. cxd3 Bxb2 28. a4 Re3 29. Kd2 Re5 30. Kc2 Ba3 31. d4
Re4 32. Kd3 Rxg4 33. d5 Rxa4 34. Kc3 b6 35. Kb3 Ra5 36. Kc4 g5 37. Kd4 b5
38. h4 gxh4 39. Ke3 h3 40. Kf2 b4 41. Kg3 b3 42. Kxh3 b2 43. Kg4 b1=Q 44.
Kh5 Qg6+ 45. Kh4 Ra4+ 46. Kh3 h5 47. Kh2 Rh4# { White checkmated } 0-1

[Event "ICC tourney 2556 (25 5)"]
[Site "Internet Chess Club"]
[Date "2021.05.08"]
[Round "2"]
[White "T ZHANG, ZACK:K05-16058247"]
[Black "BHATTACHARJEE, RIJU:K05-16538876"]
[Result "0-1"]
[ICCResult "White resigns"]
[WhiteElo "644"]
[BlackElo "1270"]
[Opening "Queen's pawn, Mason variation"]
[ECO "D00"]
[NIC "QP.08"]
[Time "13:32:51"]
[PlyCount "58"]
[TimeControl "1500+5"]

1. d4 d5 2. Bf4 Bf5 3. e3 e6 4. c3 c5 5. Nf3 Nc6 6. Bc4 dxc4 7. Nbd2 cxd4
8. cxd4 Bb4 9. O-O Nf6 10. a3 Bxd2 11. Qxd2 O-O 12. Be5 Nxe5 13. dxe5 Qxd2
14. Nxd2 Ne4 15. Nxc4 Rac8 16. b3 b5 17. Nb2 Nd2 18. Rfd1 Nxb3 19. Rab1
Bxb1 20. Rxb1 Rc1+ 21. Rxc1 Nxc1 22. h3 Rc8 23. Kh2 Rc2 24. Nd1 Nd3 25. e4
Nxe5 26. Ne3 Rxf2 27. Ng4 Nxg4+ 28. Kg3 Ra2 29. Kxg4 Rxa3 { White resigns }
0-1

[Event "ICC tourney 2556 (25 5)"]
[Site "Internet Chess Club"]
[Date "2021.05.08"]
[Round "2"]
[White "CLARO, LUKE:K05-30079195"]
[Black "BANG, ADITYA:K05-16841804"]
[Result "1-0"]
[ICCResult "Black resigns"]
[WhiteElo "931"]
[BlackElo "1428"]
[Opening "French: exchange variation"]
[ECO "C01"]
[NIC "FR.01"]
[Time "13:33:42"]
[PlyCount "51"]
[TimeControl "1500+5"]

1. e4 e6 2. d4 d5 3. exd5 exd5 4. Nf3 Nf6 5. Be2 Be7 6. O-O c5 7. dxc5 O-O
8. Re1 Nc6 9. Bb5 Bxc5 10. Bxc6 bxc6 11. Bg5 Ba6 12. Nc3 Qd6 13. Qd2 Ng4
14. Bf4 Qd7 15. Bg3 Rfe8 16. Ne4 Bb6 17. Rad1 Qd8 18. Bh4 dxe4 19. Bxd8
Raxd8 20. Rxe4 f5 21. Rxe8+ Rxe8 22. Qd7 Bxf2+ 23. Kh1 Rc8 24. Qxf5 Ne3 25.
Qe6+ Kh8 26. Qxc8+ { Black resigns } 1-0

[Event "ICC tourney 2556 (25 5)"]
[Site "Internet Chess Club"]
[Date "2021.05.08"]
[Round "2"]
[White "EVDOKIMOV, TIMOFEY:K05-16592703"]
[Black "MCGRORY, HARRY:K05-16885873"]
[Result "1-0"]
[ICCResult "Black checkmated"]
[WhiteElo "850"]
[BlackElo "474"]
[Opening "King's pawn game"]
[ECO "C21"]
[NIC "KP.10"]
[Time "13:34:38"]
[PlyCount "79"]
[TimeControl "1500+5"]

1. e4 e5 2. d4 Nc6 3. d5 Nb4 4. c4 c6 5. Nc3 Nf6 6. Qa4 c5 7. a3 b5 8. Nxb5
Nxe4 9. axb4 cxb4 10. Bd3 Nc5 11. Qd1 b3 12. Be3 e4 13. Bxc5 exd3 14. Bxf8
Rxf8 15. Qxd3 Ba6 16. Rxa6 Qe7+ 17. Ne2 d6 18. Nxd6+ Kd8 19. Qxb3 Kd7 20.
Qb7+ Kd8 21. Qxe7+ Kxe7 22. Nf5+ Ke8 23. Nxg7+ Ke7 24. Nf5+ Kd7 25. c5 Rab8
26. c6+ Kc7 27. d6+ Kc8 28. Ne7+ Kd8 29. c7+ Kd7 30. cxb8=Q Rxb8 31. O-O
Rxb2 32. Nf4 Rb7 33. Nfd5 Rb5 34. Re1 Rc5 35. Nf6+ Kd8 36. Nc6+ Kc8 37.
Nxa7+ Kb7 38. Raa1 Kb6 39. Reb1+ Rb5 40. Rxb5# { Black checkmated } 1-0

[Event "ICC tourney 2556 (25 5)"]
[Site "Internet Chess Club"]
[Date "2021.05.08"]
[Round "2"]
[White "FRIEDL, WILSON:K05-16885193"]
[Black "HOJA, SABRINA:K05-16995856"]
[Result "0-1"]
[ICCResult "White resigns"]
[WhiteElo "493"]
[BlackElo "924"]
[Opening "Queen's pawn game"]
[ECO "D00"]
[NIC "QP.07"]
[Time "13:33:03"]
[PlyCount "60"]
[TimeControl "1500+5"]

1. d4 Nf6 2. Nc3 d5 3. Nf3 Nc6 4. Bg5 Bf5 5. e3 h6 6. Bxf6 gxf6 7. Bb5 Qd7
8. Bxc6 Qxc6 9. O-O Rg8 10. g3 Bg4 11. h3 Bxh3 12. Re1 Bg4 13. Qd2 Bxf3 14.
Qd3 h5 15. Qf5 Be4 16. Nxe4 dxe4 17. Rad1 h4 18. Kf1 hxg3 19. fxg3 Rxg3 20.
Re2 Rf3+ 21. Rf2 Rxf5 22. Rxf5 Qxc2 23. Re1 Qxb2 24. Rd1 Qh2 25. Rc1 Qh3+
26. Ke1 Qxf5 27. Rd1 Rd8 28. Rc1 Qf3 29. Kd2 e5 30. Rc4 exd4 { White
resigns } 0-1

[Event "ICC tourney 2556 (25 5)"]
[Site "Internet Chess Club"]
[Date "2021.05.08"]
[Round "2"]
[White "TCHENG, GENE:K05-16951443"]
[Black "POTASHINSKY, ILAN:K05-17014227"]
[Result "1-0"]
[ICCResult "Black checkmated"]
[WhiteElo "769"]
[BlackElo "266"]
[Opening "Bishop's opening"]
[ECO "C23"]
[NIC "IG.04"]
[Time "13:34:41"]
[PlyCount "67"]
[TimeControl "1500+5"]

1. e4 e5 2. Bc4 Qe7 3. Nc3 Nf6 4. d3 Nc6 5. Nd5 Nxd5 6. exd5 Nd4 7. c3 Nf5
8. Ne2 Qh4 9. O-O Be7 10. Ng3 Nxg3 11. fxg3 Bc5+ 12. Kh1 Qe7 13. Qf3 d6 14.
Bd2 Bd7 15. d4 exd4 16. Rfe1 Be6 17. dxe6 f6 18. cxd4 Bxd4 19. Qxb7 O-O 20.
Be3 Bxb2 21. Qxb2 Rab8 22. Qf2 Rb2 23. Qxb2 f5 24. Rf1 Rf6 25. Bg5 h6 26.
Bxf6 gxf6 27. Rxf5 Kh7 28. Rxf6 Qg7 29. Rf7 Qxf7 30. exf7 Kg6 31. f8=Q Kg5
32. Qff6+ Kg4 33. Qbd4+ Kh5 34. Qdh4# { Black checkmated } 1-0

[Event "ICC tourney 2556 (25 5)"]
[Site "Internet Chess Club"]
[Date "2021.05.08"]
[Round "2"]
[White "WILLIAMS, VICTORIA:K05-16958116"]
[Black "BHOOMA, DHIVIJ:K05-16188670"]
[Result "0-1"]
[ICCResult "White checkmated"]
[WhiteElo "118"]
[BlackElo "743"]
[Opening "Ware (Meadow Hay) opening"]
[ECO "A00"]
[Time "13:34:43"]
[PlyCount "96"]
[TimeControl "1500+5"]

1. a4 e6 2. d4 Ne7 3. e3 g6 4. Qd3 Bg7 5. Qd1 O-O 6. Bd2 Nbc6 7. Nf3 d6 8.
Ra3 e5 9. dxe5 dxe5 10. e4 b6 11. Rd3 Qe8 12. h3 Nd4 13. c3 Nxf3+ 14. gxf3
Ba6 15. b4 Bxd3 16. Bxd3 Qd7 17. Qe2 Qxa4 18. Rg1 a5 19. bxa5 bxa5 20. Qd1
Qd7 21. Bc2 Qxh3 22. Rg3 Qh1+ 23. Ke2 Qxd1+ 24. Bxd1 a4 25. c4 Nc6 26. c5
Na5 27. Bb4 Nc6 28. Bc2 Nxb4 29. Bd3 a3 30. Bc2 Nxc2 31. Nxa3 Rxa3 32. c6
Rc3 33. Kd2 Rxc6 34. f4 exf4 35. Rg4 f3 36. Rg3 Nd4 37. Kd3 Rc2 38. Rg4 c5
39. Ke3 Rc3+ 40. Kf4 Ne2+ 41. Kg5 f6+ 42. Kh4 c4 43. Rg1 Nxg1 44. Kg4 Rd3
45. Kf4 c3 46. Kg4 c2 47. Kh4 c1=Q 48. Kg4 Qg5# { White checkmated } 0-1

[Event "ICC tourney 2556 (25 5)"]
[Site "Internet Chess Club"]
[Date "2021.05.08"]
[Round "2"]
[White "RAMIREDDY, ABHINAV:K05-16502971"]
[Black "WANG, ETHAN:K05-15914623"]
[Result "0-1"]
[ICCResult "White checkmated"]
[WhiteElo "912"]
[BlackElo "1409"]
[Opening "Sicilian: Kan, 5.Nc3"]
[ECO "B43"]
[NIC "SI.41"]
[Time "13:32:36"]
[PlyCount "72"]
[TimeControl "1500+5"]

1. e4 c5 2. Nf3 e6 3. d4 cxd4 4. Nxd4 a6 5. Nc3 Qc7 6. Be3 Nf6 7. Bc4 Qxc4
8. Nde2 Bb4 9. O-O O-O 10. f3 Bc5 11. Bxc5 Qxc5+ 12. Kh1 b5 13. a3 Bb7 14.
b4 Qc7 15. a4 bxa4 16. Nxa4 d5 17. exd5 Nxd5 18. Qd2 Nc6 19. Nc5 Rad8 20.
Nxb7 Qxb7 21. Qc1 Ncxb4 22. Rb1 Qa7 23. Rd1 Rc8 24. Rb2 Nc6 25. Qb1 Qf2 26.
c4 Ne3 27. Nd4 Qh4 28. Rd3 Nf5 29. Nxf5 exf5 30. Rc3 Ne5 31. g3 Qf6 32.
Rbc2 Qc6 33. Qc1 Nxf3 34. Rg2 Rfe8 35. Qa3 Re1+ 36. Rg1 Rxg1# { White
checkmated } 0-1

[Event "ICC tourney 2556 (25 5)"]
[Site "Internet Chess Club"]
[Date "2021.05.08"]
[Round "2"]
[White "SHANMUGAM, MEERA:K05-16606945"]
[Black "GOLANN, MATTHEW:K05-16609856"]
[Result "1-0"]
[ICCResult "Black checkmated"]
[WhiteElo "1579"]
[BlackElo "1057"]
[Opening "Ruy Lopez: Möller defense"]
[ECO "C78"]
[NIC "RL.12"]
[Time "13:32:37"]
[PlyCount "61"]
[TimeControl "1500+5"]

1. e4 e5 2. Nf3 Nc6 3. Bb5 a6 4. Ba4 Nf6 5. O-O Bc5 6. c3 O-O 7. d4 exd4 8.
cxd4 Bb6 9. Nc3 d6 10. Bg5 h6 11. Bh4 Bg4 12. Bxc6 bxc6 13. e5 dxe5 14.
dxe5 Qxd1 15. Raxd1 Nh5 16. h3 Bxf3 17. gxf3 g5 18. Bg3 Nf4 19. Kh2 h5 20.
Rg1 Kh7 21. Ne4 Kg6 22. Bxf4 g4 23. fxg4 hxg4 24. Rxg4+ Kf5 25. Ng3+ Ke6
26. Nh5 Bxf2 27. Ng7+ Ke7 28. Bg5+ f6 29. Bxf6+ Kf7 30. Rd7+ Kg8 31. Ne6# {
Black checkmated } 1-0

[Event "ICC tourney 2556 (25 5)"]
[Site "Internet Chess Club"]
[Date "2021.05.08"]
[Round "2"]
[White "GOLSEFIDY, SEPEHR:K05-16686975"]
[Black "GALLEGE, REHAN:K05-16946930"]
[Result "1-0"]
[ICCResult "Black checkmated"]
[WhiteElo "1882"]
[BlackElo "1111"]
[Opening "French: advance, Paulsen attack"]
[ECO "C02"]
[NIC "FR.03"]
[Time "13:34:18"]
[PlyCount "87"]
[TimeControl "1500+5"]

1. e4 e6 2. d4 d5 3. e5 c5 4. c3 Nc6 5. Nf3 Qb6 6. a3 cxd4 7. cxd4 Nh6 8.
b4 Nf5 9. Bb2 Bd7 10. Be2 Na5 11. Nc3 Nc6 12. Na4 Qc7 13. Rc1 a6 14. O-O
Be7 15. Nc5 O-O 16. Qc2 Rac8 17. Bd3 Bxc5 18. Qxc5 b6 19. Qc2 a5 20. b5 Na7
21. Qxc7 Rxc7 22. Rxc7 Bxb5 23. Bxb5 Nxb5 24. Rb7 Rc8 25. Rxb6 Nc7 26. Rc1
Ne7 27. Rb7 Na8 28. Rxe7 Rxc1+ 29. Bxc1 Nc7 30. Rxc7 h6 31. Rc5 a4 32. Ra5
f6 33. Rxa4 Kf7 34. Ra6 f5 35. Rd6 g6 36. a4 h5 37. a5 g5 38. Nxg5+ Kg6 39.
a6 f4 40. a7 Kxg5 41. a8=Q Kh4 42. Qd8+ Kg4 43. f3+ Kf5 44. Qf6# { Black
checkmated } 1-0

[Event "ICC tourney 2556 (25 5)"]
[Site "Internet Chess Club"]
[Date "2021.05.08"]
[Round "2"]
[White "DIAZ, ISAAC:K05-16913526"]
[Black "KAUR, JIND:K05-15724996"]
[Result "0-1"]
[ICCResult "White checkmated"]
[WhiteElo "853"]
[BlackElo "1296"]
[Opening "Sicilian: accelerated fianchetto, modern variation with Bc4"]
[ECO "B35"]
[NIC "SI.33"]
[Time "13:34:22"]
[PlyCount "66"]
[TimeControl "1500+5"]

1. e4 c5 2. Nf3 Nc6 3. d4 cxd4 4. Nxd4 g6 5. Nc3 Bg7 6. Be3 Nf6 7. Bc4 O-O
8. Qd2 Nxe4 9. Nxe4 d5 10. Nxc6 bxc6 11. Nf6+ Bxf6 12. Bd3 Bxb2 13. Rd1 d4
14. Bh6 Bc3 15. Qxc3 dxc3 16. Bxf8 Qxf8 17. O-O Bf5 18. Be2 Bxc2 19. Rd4
Rd8 20. Rc4 Bd3 21. Bxd3 Rxd3 22. Rxc6 Qe8 23. Ra6 Qd7 24. h3 Rd1 25. Rxd1
Qxd1+ 26. Kh2 Qd4 27. f3 Qb4 28. Rxa7 Qb8+ 29. Kh1 Qxa7 30. Kh2 Qc7+ 31.
Kh1 c2 32. g3 Qxg3 33. h4 c1=Q# { White checkmated } 0-1

[Event "ICC tourney 2556 (25 5)"]
[Site "Internet Chess Club"]
[Date "2021.05.08"]
[Round "2"]
[White "DOPPALAPUDI, ADITH:K05-16534365"]
[Black "MARIAN, AARON:K05-15799497"]
[Result "0-1"]
[ICCResult "White resigns"]
[WhiteElo "910"]
[BlackElo "1400"]
[Opening "Ruy Lopez: classical (Cordel) defense"]
[ECO "C64"]
[NIC "RL.01"]
[Time "13:33:24"]
[PlyCount "110"]
[TimeControl "1500+5"]

1. Nf3 Nc6 2. e4 e5 3. Bb5 Bc5 4. O-O d6 5. d4 exd4 6. Nxd4 Bd7 7. Nxc6
Bxc6 8. Bxc6+ bxc6 9. e5 dxe5 10. Qxd8+ Rxd8 11. Nc3 Nf6 12. Bg5 Bd4 13.
Bxf6 gxf6 14. Rfd1 Ke7 15. Na4 Rd5 16. Rab1 Rb8 17. b3 Rbd8 18. Kf1 c5 19.
c3 Bxf2 20. Rxd5 Rxd5 21. Kxf2 Rd2+ 22. Kg3 Rxa2 23. Nxc5 Rc2 24. c4 f5 25.
Ra1 Rc3+ 26. Kf2 Rc2+ 27. Kf1 Kd6 28. Nb7+ Kd7 29. Rxa7 e4 30. Ra1 f6 31.
Re1 Rb2 32. Re2 Rb1+ 33. Kf2 Kc6 34. Nd8+ Kd7 35. Nf7 Ke6 36. Nd8+ Kd7 37.
Nf7 Ke6 38. Nd8+ Kd7 39. Nb7 Kc6 40. Na5+ Kb6 41. Ra2 c5 42. Ke3 Re1+ 43.
Kf4 Rf1+ 44. Ke3 Re1+ 45. Kf4 Rf1+ 46. Ke3 Re1+ 47. Kf4 Rf1+ 48. Ke3 Re1+
49. Kf2 Rb1 50. Ke3 Re1+ 51. Kf4 Rf1+ 52. Kg3 e3 53. Re2 Kxa5 54. Rxe3 f4+
55. Kg4 fxe3 { White resigns } 0-1

[Event "ICC tourney 2556 (25 5)"]
[Site "Internet Chess Club"]
[Date "2021.05.08"]
[Round "2"]
[White "AMBIL, ANKITH:K05-30069257"]
[Black "HU, ANGELA:K05-16747812"]
[Result "0-1"]
[ICCResult "White resigns"]
[WhiteElo "100"]
[BlackElo "1237"]
[Opening "Giuoco Pianissimo: Italian four knights variation"]
[ECO "C46"]
[NIC "KP.06"]
[Time "13:35:02"]
[PlyCount "60"]
[TimeControl "1500+5"]

1. e4 e5 2. Nf3 Nc6 3. Nc3 Bc5 4. Bc4 Nf6 5. d3 h6 6. O-O O-O 7. b3 d6 8.
Bb2 Bg4 9. h3 Bh5 10. a3 Nd4 11. g4 Nxf3+ 12. Qxf3 Bg6 13. Nd5 Nxd5 14.
exd5 Re8 15. b4 Bb6 16. Rfe1 Qe7 17. d4 e4 18. Qe3 Qg5 19. f3 Qxe3+ 20.
Rxe3 exf3 21. Rxf3 Bxc2 22. Bd3 Bxd3 23. Rxd3 Re4 24. Rdd1 Rae8 25. Re1
Rxe1+ 26. Rxe1 Rxe1+ 27. Kf2 Rb1 28. Bc3 Rb3 29. Bd2 Bxd4+ 30. Ke1 Rxh3 {
White resigns } 0-1

[Event "ICC tourney 2556 (25 5)"]
[Site "Internet Chess Club"]
[Date "2021.05.08"]
[Round "2"]
[White "ARJI, SAMARTH:K05-16959461"]
[Black "SHELLEY, AKSHAT:K05-16824163"]
[Result "0-1"]
[ICCResult "White checkmated"]
[WhiteElo "457"]
[BlackElo "846"]
[Opening "Giuoco Piano"]
[ECO "C54"]
[NIC "IG.02"]
[Time "13:34:42"]
[PlyCount "58"]
[TimeControl "1500+5"]

1. e4 e5 2. Nf3 Nc6 3. Bc4 Bc5 4. c3 Nf6 5. d4 exd4 6. cxd4 Bb4+ 7. Bd2
Bxd2+ 8. Nbxd2 d6 9. O-O O-O 10. h3 Nb4 11. Qa4 c5 12. dxc5 dxc5 13. Nb3 b6
14. Rad1 Bd7 15. Bb5 Bxb5 16. Qxb5 Qc7 17. a3 Nc2 18. Qa6 Nd4 19. Nfxd4
cxd4 20. Rxd4 Rfd8 21. Rc4 Qe5 22. Rb1 Nxe4 23. a4 Nxf2 24. Kxf2 Qf5+ 25.
Kg1 Qxb1+ 26. Kh2 Qxb2 27. Na5 Qe5+ 28. g3 Qe2+ 29. Kg1 Rd1# { White
checkmated } 0-1

[Event "ICC tourney 2556 (25 5)"]
[Site "Internet Chess Club"]
[Date "2021.05.08"]
[Round "2"]
[White "KOVARIK, OTTO:K05-30020818"]
[Black "GOTETI, ISHAN:K05-17016988"]
[Result "1-0"]
[ICCResult "Black checkmated"]
[WhiteElo "900"]
[BlackElo "516"]
[Opening "Nimzovich-Larsen attack: modern variation"]
[ECO "A01"]
[NIC "VO.08"]
[Time "13:34:51"]
[PlyCount "143"]
[TimeControl "1500+5"]

1. b3 e5 2. Bb2 Nc6 3. d3 Nf6 4. Nd2 Be7 5. g3 d6 6. Bg2 O-O 7. Ngf3 Bd7 8.
O-O Qc8 9. Re1 Bh3 10. d4 exd4 11. Nxd4 Nxd4 12. Bxd4 c5 13. Bb2 Bxg2 14.
Kxg2 Qc6+ 15. Nf3 Rae8 16. Qd3 Bd8 17. Kg1 Ba5 18. Red1 Ne4 19. c3 Rd8 20.
b4 cxb4 21. cxb4 Bb6 22. Rac1 Bxf2+ 23. Kg2 Qd7 24. Qxe4 Bb6 25. Ng5 f5 26.
Qd5+ Kh8 27. Ne6 Rfe8 28. Bxg7+ Kg8 29. Nc5+ Kxg7 30. Nxd7 Rxd7 31. Re1 Re5
32. Qb3 Be3 33. Qa4 Rde7 34. Rc3 Bd2 35. Rcc1 Bxc1 36. Rxc1 Rxe2+ 37. Kh3
R7e6 38. Qd7+ Kg6 39. Rg1 Kg5 40. Qd8+ Kg6 41. Qg8+ Kh6 42. Rg2 R2e5 43.
Rf2 f4 44. Kg2 fxg3 45. hxg3 Rg6 46. Qf8+ Kh5 47. Qf4 Rgg5 48. Qh4+ Kg6 49.
Qf4 a6 50. Qf6+ Kh5 51. Qf7+ Kh6 52. Rf6+ Rg6 53. Rxg6+ hxg6 54. Qxb7 Re2+
55. Kf3 Rxa2 56. Qd5 Ra3+ 57. Kg2 Ra4 58. Qxd6 Ra2+ 59. Kh3 Kh5 60. Qe5+ g5
61. g4+ Kg6 62. Qe6+ Kg7 63. Qxa2 Kf6 64. Qxa6+ Ke5 65. Qc6 Kf4 66. b5 Ke3
67. b6 Kd4 68. b7 Ke5 69. b8=Q+ Kd4 70. Qbd6+ Ke3 71. Qe6+ Kf4 72. Qce4# {
Black checkmated } 1-0

[Event "ICC tourney 2556 (25 5)"]
[Site "Internet Chess Club"]
[Date "2021.05.08"]
[Round "2"]
[White "SUNDEEP, SASHA:K05-17150715"]
[Black "T MARSHALLECK, DAVID:K05-16371805"]
[Result "1-0"]
[ICCResult "Black checkmated"]
[WhiteElo "481"]
[BlackElo "913"]
[Opening "Four knights: Spanish, classical defense"]
[ECO "C48"]
[NIC "KP.03"]
[Time "13:33:42"]
[PlyCount "71"]
[TimeControl "1500+5"]

1. e4 e5 2. Nf3 Nc6 3. Nc3 Nf6 4. Bb5 Bc5 5. Bxc6 bxc6 6. d3 d6 7. Bg5 Bb7
8. Bxf6 Qxf6 9. O-O O-O 10. h3 d5 11. exd5 cxd5 12. Na4 Bd6 13. d4 e4 14.
Nd2 Qf4 15. g3 Qh6 16. h4 Bc8 17. c4 c6 18. cxd5 cxd5 19. Nc5 f5 20. Qb3 f4
21. Qxd5+ Kh8 22. Qxa8 Bh3 23. Qd5 f3 24. Qxe4 Bg2 25. Nd7 Rf7 26. Rac1 g6
27. Qe6 Rf5 28. Qxd6 Qxd2 29. Rcd1 Qa5 30. b4 Qb5 31. a4 Qxa4 32. Ra1 Qb5
33. Nf6 Qb8 34. Qxb8+ Kg7 35. Rxa7+ Kh6 36. Rxh7# { Black checkmated } 1-0

[Event "ICC tourney 2556 (25 5)"]
[Site "Internet Chess Club"]
[Date "2021.05.08"]
[Round "2"]
[White "LIU, KAYLAH:K05-17154374"]
[Black "JAIN, DARSH:K05-30103038"]
[Result "1-0"]
[ICCResult "Black checkmated"]
[WhiteElo "431"]
[BlackElo "836"]
[Opening "Ruy Lopez: old Steinitz defense"]
[ECO "C62"]
[NIC "RL.02"]
[Time "13:34:43"]
[PlyCount "115"]
[TimeControl "1500+5"]

1. e4 e5 2. Nf3 Nc6 3. Bb5 d6 4. c3 Bg4 5. h3 Bh5 6. O-O Nf6 7. d3 Be7 8.
g4 Bg6 9. Nh4 Qd7 10. Nxg6 hxg6 11. Qf3 O-O-O 12. d4 Rh6 13. Bxh6 gxh6 14.
d5 Qe8 15. dxc6 bxc6 16. Ba6+ Kd7 17. h4 Nh7 18. g5 hxg5 19. Qg4+ f5 20.
exf5 Bf6 21. fxg6+ Ke7 22. gxh7 Qh8 23. Qh5 gxh4 24. Nd2 Qg7+ 25. Kh2 e4
26. Rae1 Be5+ 27. Kh3 Rh8 28. Qxh4+ Bf6 29. Rxe4+ Kf7 30. Qh5+ Qg6 31.
Qxg6+ Kxg6 32. Rg4+ Bg5 33. Kg3 Rxh7 34. Ne4 Rh5 35. Rxg5+ Rxg5+ 36. Nxg5
Kxg5 37. f4+ Kf5 38. Kf3 c5 39. Rg1 d5 40. Rg5+ Ke6 41. Re5+ Kf6 42. Kg4 d4
43. cxd4 cxd4 44. a3 d3 45. Bxd3 c6 46. b4 a6 47. a4 Kf7 48. f5 a5 49. bxa5
c5 50. Rxc5 Kf6 51. a6 Ke7 52. a7 Kd7 53. a8=Q Kd6 54. Qd5+ Ke7 55. Qe4+
Kf7 56. Bc4+ Kg7 57. Qe7+ Kh8 58. Rc8# { Black checkmated } 1-0

[Event "ICC tourney 2556 (25 5)"]
[Site "Internet Chess Club"]
[Date "2021.05.08"]
[Round "2"]
[White "FORESTAL, LUC ANDRA:K05-16346012"]
[Black "KARPENKO, OSKAR:K05-16342416"]
[Result "1-0"]
[ICCResult "Black resigns"]
[WhiteElo "374"]
[BlackElo "811"]
[Opening "Caro-Kann defense"]
[ECO "B10"]
[NIC "CK.01"]
[Time "13:33:32"]
[PlyCount "115"]
[TimeControl "1500+5"]

1. e4 c6 2. Nf3 d5 3. exd5 cxd5 4. Bd3 Nc6 5. O-O Nf6 6. Re1 Bg4 7. h3 Bh5
8. Bb5 e6 9. Bxc6+ bxc6 10. d3 Bd6 11. Re3 O-O 12. Nbd2 Qc7 13. Kf1 Rfe8
14. b3 e5 15. Qe1 d4 16. Re2 Bxf3 17. Nxf3 Rab8 18. Bb2 Bb4 19. Qd1 Qd6 20.
a3 Ba5 21. b4 Bb6 22. Qd2 c5 23. bxc5 Bxc5 24. Bc1 e4 25. dxe4 Nxe4 26. Qe1
Nf6 27. Rxe8+ Rxe8 28. Qd2 Ne4 29. Qd1 Nc3 30. Qd2 Ne4 31. Qd1 d3 32. Qxd3
Qxd3+ 33. cxd3 Nxf2 34. Bd2 Nxd3 35. Rd1 Bxa3 36. Ne1 Nxe1 37. Bxe1 h6 38.
Rd7 Re7 39. Rd8+ Kh7 40. Kf2 Bc5+ 41. Kf1 Bb6 42. Rd1 Kg6 43. Rd6+ Kf5 44.
Rd5+ Ke4 45. Rd2 Ba5 46. Re2+ Kd5 47. Rxe7 Bxe1 48. Kxe1 a5 49. Ra7 Ke4 50.
Rxa5 Kf4 51. Kf2 f5 52. g3+ Kg5 53. Kf3 g6 54. h4+ Kf6 55. Ra6+ Kg7 56. g4
fxg4+ 57. Kxg4 h5+ 58. Kg5 { Black resigns } 1-0

[Event "ICC tourney 2556 (25 5)"]
[Site "Internet Chess Club"]
[Date "2021.05.08"]
[Round "2"]
[White "PARK, JOSHUA:K05-16451732"]
[Black "WUERTELE, MILES:K05-16262564"]
[Result "1/2-1/2"]
[ICCResult "Black stalemated"]
[WhiteElo "376"]
[BlackElo "819"]
[Opening "Queen's pawn: Chigorin variation"]
[ECO "D00"]
[NIC "QP.08"]
[Time "13:34:32"]
[PlyCount "133"]
[TimeControl "1500+5"]

1. d4 d5 2. Nc3 Nf6 3. Nf3 Nc6 4. Ne5 Nxe5 5. dxe5 Nh5 6. e3 Bf5 7. e4 dxe4
8. g3 Qxd1+ 9. Kxd1 Bg4+ 10. Be2 Rd8+ 11. Bd2 Bxe2+ 12. Nxe2 g6 13. b4 Ng7
14. Kc1 Ne6 15. Bc3 Bh6+ 16. Kb2 O-O 17. g4 f6 18. exf6 Nf4 19. Nxf4 Bxf4
20. fxe7 Rde8 21. exf8=Q+ Rxf8 22. Rhf1 Bxh2 23. Rad1 Bf4 24. f3 exf3 25.
Rxf3 Bd6 26. Re3 Rd8 27. Be5 Bxe5+ 28. Rxe5 Rxd1 29. Re7 Rg1 30. Rxc7 Rxg4
31. Rxb7 Kh8 32. a4 a6 33. b5 axb5 34. axb5 Rb4+ 35. Ka3 Rc4 36. Kb3 Rc5
37. b6 Rb5+ 38. Kc3 h5 39. Rb8+ Kg7 40. b7 h4 41. Kc4 Rb6 42. Kc5 h3 43.
Kxb6 h2 44. Rc8 h1=Q 45. b8=Q Qb1+ 46. Ka6 Qa1+ 47. Kb6 Qb1+ 48. Kc6 Qh1+
49. Kc5 Qg1+ 50. Kc4 Qf1+ 51. Kc3 Qh3+ 52. Kb2 Qf5 53. Qc7+ Kh6 54. Rh8+
Kg5 55. Qg3+ Kf6 56. Rf8+ Ke6 57. Rxf5 gxf5 58. c4 Kd7 59. Qd3+ Kc8 60.
Qxf5+ Kc7 61. c5 Kc6 62. Qc8+ Kd5 63. c6 Kd6 64. c7 Kc6 65. Qd8 Kb7 66.
c8=Q+ Ka7 67. Qd6 { Black stalemated } 1/2-1/2

[Event "ICC tourney 2556 (25 5)"]
[Site "Internet Chess Club"]
[Date "2021.05.08"]
[Round "2"]
[White "SRINIVAS PEDDIBOYINA, AKSHAR:K05-16853620"]
[Black "GURPUR MADKE PRABHU, TANYA:K05-16349446"]
[Result "0-1"]
[ICCResult "White resigns"]
[WhiteElo "197"]
[BlackElo "1264"]
[Opening "Hungarian defense"]
[ECO "C50"]
[NIC "IG.03"]
[Time "13:34:02"]
[PlyCount "70"]
[TimeControl "1500+5"]

1. e4 e5 2. Nf3 Nc6 3. Bc4 Be7 4. O-O d6 5. d3 Bg4 6. Be3 Nf6 7. h3 Bh5 8.
Nbd2 h6 9. c3 a6 10. d4 exd4 11. cxd4 Na7 12. Qb3 Rb8 13. e5 dxe5 14. Nxe5
O-O 15. g4 b5 16. gxh5 bxc4 17. Qxc4 Nxh5 18. Qxa6 Ra8 19. Kh1 Qd5+ 20. Kh2
Bd6 21. Rg1 Bxe5+ 22. dxe5 Qxe5+ 23. Kh1 Qd5+ 24. Rg2 Nc6 25. Qb7 Rab8 26.
Qxc7 Rxb2 27. f4 Nd4 28. Qc4 Qxc4 29. Nxc4 Rxg2 30. Kxg2 Nc2 31. Rc1 Nxe3+
32. Nxe3 Nxf4+ 33. Kg3 Ne2+ 34. Kf3 Nxc1 35. a4 Ra8 { White resigns } 0-1

[Event "ICC tourney 2556 (25 5)"]
[Site "Internet Chess Club"]
[Date "2021.05.08"]
[Round "2"]
[White "CHUGH, ROHAN:K05-16024710"]
[Black "METZMAKER, SUYA:K05-16458411"]
[Result "0-1"]
[ICCResult "White checkmated"]
[WhiteElo "1072"]
[BlackElo "1618"]
[Opening "Four knights: double Ruy Lopez"]
[ECO "C49"]
[NIC "KP.03"]
[Time "13:34:40"]
[PlyCount "54"]
[TimeControl "1500+5"]

1. e4 e5 2. Nf3 Nc6 3. Nc3 Nf6 4. Bb5 Bb4 5. Bxc6 bxc6 6. O-O d6 7. Re1 O-O
8. a3 Bc5 9. Na4 Bb6 10. Nxb6 axb6 11. d4 exd4 12. Nxd4 c5 13. Nb5 Bd7 14.
Nc3 Bc6 15. h3 Re8 16. Bg5 h6 17. Bxf6 Qxf6 18. Qg4 Rad8 19. b4 Qxc3 20.
bxc5 dxc5 21. Rad1 Rxd1 22. Rxd1 Qxc2 23. Rd3 Qc1+ 24. Kh2 Rxe4 25. Rd8+
Re8 26. Rd3 Qg5 27. Qc4 Qxg2# { White checkmated } 0-1

[Event "ICC tourney 2556 (25 5)"]
[Site "Internet Chess Club"]
[Date "2021.05.08"]
[Round "2"]
[White "YAO, HANCHI:K05-16512998"]
[Black "CHIU DOAN, EMILYN:K05-15928816"]
[Result "1-0"]
[ICCResult "Black checkmated"]
[WhiteElo "1636"]
[BlackElo "1078"]
[Opening "QGD: Tartakower (Makagonov-Bondarevsky) system"]
[ECO "D58"]
[NIC "QO.10"]
[Time "13:34:34"]
[PlyCount "79"]
[TimeControl "1500+5"]

1. d4 d5 2. c4 e6 3. Nc3 Nf6 4. Bg5 Be7 5. Nf3 h6 6. Bh4 O-O 7. e3 b6 8.
Qc2 Bb7 9. Rd1 Nbd7 10. a3 c5 11. dxc5 bxc5 12. cxd5 exd5 13. Bb5 a6 14.
Ba4 c4 15. Bxd7 Qxd7 16. O-O Qe6 17. h3 Ne4 18. Bxe7 Qxe7 19. Nxd5 Bxd5 20.
Rxd5 Rac8 21. Re5 Qd6 22. Qxe4 Qb6 23. Rh5 Rfe8 24. Re5 Red8 25. Nd4 Qxb2
26. Nc6 Rxc6 27. Re8+ Rxe8 28. Qxe8+ Kh7 29. Qxc6 c3 30. Qe4+ Kg8 31. Rb1
Qxb1+ 32. Qxb1 f6 33. Qb3+ Kh7 34. Qxc3 g6 35. Kf1 h5 36. Ke2 Kh6 37. Kf3
a5 38. Qxf6 h4 39. Kg4 a4 40. Qh8# { Black checkmated } 1-0